 Dungeon Crawl Stone Soup version 0.32-a0-898-g7811c86cf0 (webtiles) character file.

Game seed: 15729323854020284704

290037 bronco the Scorcher (level 19, -7/163 HPs)
             Began as a Mountain Dwarf Fire Elementalist on Apr 4, 2024.
             Was the Champion of Vehumet.
             Mangled by a crystal guardian (64 damage)
             ... led by a peacekeeper
             ... on level 2 of the Vaults on Apr 5, 2024.
             The game lasted 03:14:12 (42504 turns).

bronco the Scorcher (MDFE)                         Turns: 42504, Time: 03:14:12

Health: -7/163     AC: 34    Str: 23    XL:     19   Next: 92%
Magic:  12/48      EV:  4    Int: 33    God:    Vehumet [******]
Gold:   2415       SH:  0    Dex: 10    Spells: 1/48 levels left

rFire   + + +        b - staff of fire
rCold   + + .        (no shield)
rNeg    + . .        K - +9 gold dragon scales of the Unstoppable Beds {rElec rPois rF+ rC+ Str+2 Int-4}
rPois   +            i - +3 hat of Pondering {ponderous, Will+ MP+10 Int+5}
rElec   +            S - scarf {repulsion}
rCorr   +            e - +0 pair of fencer's gloves {Riposte Dex+3}
SInv    .            f - +2 pair of boots "Vutadeampu" {rF+ rN+ Int+4}
Will    ++...        m - amulet of the Suburbs {+Blink RegenMP+ Str+2 Dex-3}
Stlth   x              - ring of Deckileh {rC+ rCorr Str+6}
HPRegen 0.47/turn    y - +6 ring of intelligence
MPRegen 0.71/turn

%: repel missiles
@: death channelling, fragile (+50% incoming damage), studying 2 skills, slow
A: runic magic, artefact enchanting, hooves 1
}: 2/15 runes: decaying, gossamer
a: Renounce Religion, Evoke Blink


You were on level 2 of the Vaults.
You worshipped Vehumet.
Vehumet was exalted by your worship.
You visited 7 branches of the dungeon, and saw 33 of its levels.
You also visited: Bailey.

You collected 3939 gold pieces.
You spent 1524 gold pieces at shops.

Inventory:

Hand Weapons
 a - the +10 lajatang of the Keeping Pill Bug {spect, Int+2}
   (You found it on level 5 of the Dungeon)

   Int+2:     It affects your intelligence (+2).
 B - the +8 dagger of the Mind {flame, rC+ Int+5}
   (You found it on level 5 of the Dungeon)

   Int+5:     It affects your intelligence (+5).
   rC+:       It protects you from cold.
Missiles
 r - 8 throwing nets
 J - 16 curare-tipped darts
Armour
 e - the +0 pair of fencer's gloves (worn) {Riposte Dex+3}
   (You bought it in a shop on level 2 of the Orcish Mines)

   Riposte:   It allows the wearer to riposte with melee weapons, swiftly
   retaliating against missed or blocked melee attacks.
   Dex+3:     It affects your dexterity (+3).
 f - the +2 pair of boots "Vutadeampu" (worn) {rF+ rN+ Int+4}
   (You found it on level 5 of the Lair of Beasts)

   Int+4:     It affects your intelligence (+4).
   rF+:       It protects you from fire.
   rN+:       It protects you from negative energy.
 i - the +3 hat of Pondering (worn) {ponderous, Will+ MP+10 Int+5}
   (You took it off Gastronok on level 2 of the Lair of Beasts)

   Int+5:     It affects your intelligence (+5).
   Will+:     It increases your willpower.
   MP+10:     It affects your magic capacity (+10).
 K - the +9 gold dragon scales of the Unstoppable Beds (worn) {rElec rPois rF+ rC+ Str+2 Int-4}
   (You took it off a gnoll sergeant in a bailey)

   Str+2:     It affects your strength (+2).
   Int-4:     It affects your intelligence (-4).
   rF+:       It protects you from fire.
   rC+:       It protects you from cold.
   rElec:     It insulates you from electricity.
   rPois:     It protects you from poison.
 S - a scarf of repulsion (worn)
Magical Staves
 b - a staff of fire (weapon)
 k - the staff "Abbideh" {Dex+5 Earth}
   (You took it off a kobold demonologist on level 12 of the Dungeon)

   [staff of earth]

   Base accuracy: +5 Base damage: 5 Base attack delay: 1.2 This weapon's minimum
   attack delay (0.6) is reached at skill level 12.
   Dex+5:     It affects your dexterity (+5).
   Earth:     It increases the power of your Earth spells.
   It falls into the 'Staves' category.
   It is a one-handed weapon.
Jewellery
 g - a ring of protection from fire
 h - an amulet of regeneration
 m - the amulet of the Suburbs (around neck) {+Blink RegenMP+ Str+2 Dex-3}
   (You bought it in a shop on level 2 of the Orcish Mines)

   [amulet of magic regeneration]

   It increases your rate of magic regeneration.
   Str+2:     It affects your strength (+2).
   Dex-3:     It affects your dexterity (-3).
   +Blink:    It lets you blink.
   RegenMP+:  It increases your rate of magic regeneration.
 x - the ring of Deckileh (left hand) {rC+ rCorr Str+6}
   (You found it on level 5 of the Lair of Beasts)

   [ring of resist corrosion]

   Str+6:     It affects your strength (+6).
   rC+:       It protects you from cold.
   rCorr:     It protects you from acid and corrosion.
 y - a +6 ring of intelligence (right hand)
 C - a ring of see invisible
 I - a ring of protection from cold
Wands
 A - a wand of flame (51)
 F - a wand of digging (8)
 O - a wand of polymorph (18)
 P - a wand of paralysis (23)
 R - a wand of quicksilver (5) (quivered)
 V - a wand of roots (25)
Scrolls
 l - 6 scrolls of poison
 n - 2 scrolls of fear
 u - 3 scrolls of amnesia
 z - a scroll of revelation
 H - 6 scrolls of fog
 L - 3 scrolls of silence
 M - a scroll of enchant armour
 N - 6 scrolls of enchant weapon
 U - 2 scrolls of summoning
 Y - 6 scrolls of immolation
 Z - 12 scrolls of teleportation
Potions
 c - 9 potions of enlightenment
 d - a potion of magic
 j - 6 potions of might
 o - 5 potions of ambrosia
 p - 2 potions of brilliance
 t - 3 potions of haste
 v - 6 potions of mutation
 w - a potion of lignification
 D - 8 potions of curing
 E - 4 potions of invisibility
 G - 2 potions of berserk rage
 T - a potion of resistance
 W - a potion of cancellation
 X - 2 potions of heal wounds
Miscellaneous
 q - a phantom mirror
 s - a lightning rod (4/4)
 Q - a condenser vane


   Skills:
 - Level 13.0 Fighting
 - Level 9.5 Staves
 - Level 9.9 Armour
 - Level 3.2 Dodging
 - Level 1.4 Stealth
 - Level 15.3 Spellcasting
 + Level 16.3 Conjurations
 - Level 9.8 Necromancy
 - Level 19.7 Fire Magic
 - Level 4.4 Ice Magic
 - Level 11.1 Earth Magic
 - Level 7.0 Evocations


You had one spell level left.
You knew the following spells:

 Your Spells              Type           Power      Damage    Failure   Level
a - Fire Storm            Conj/Fire      60%        8d15      54%         9
b - Scorch                Fire           100%       2d9       0%          2
c - Stone Arrow           Conj/Erth      100%       3d13      1%          3
e - Sticky Flame          Fire/Alch      94%        2d14      1%          4
f - Death Channel         Necr           37%        N/A       13%         6
g - Ignition              Fire           62%        3d17      2%          8
h - Fireball              Conj/Fire      60%        3d23      1%          5
i - Permafrost Eruption   Ice/Erth       33%        2x4d8     8%          6
j - Olgreb's Toxic Radia  Alch           25%        N/A       12%         4

Your spell library contained the following spells:

 Spells                   Type           Power      Damage    Failure   Level
 Polar Vortex             Ice            26%        12d3*     100%        9
 Shatter                  Erth           39%        3d31*     100%        9
 Foxfire                  Conj/Fire      100%       2x1d9     0%          1
 Kiss of Death            Conj/Necr      100%       2d13      0%          1
 Necrotise                Necr           100%       1d9       1%          1
 Sandblast                Erth           100%       2d20      1%          1
 Sting                    Conj/Alch      100%       1d9       1%          1
 Apportation              Tloc           50%        N/A       4%          1
 Slow                     Hex            100%       N/A       4%          1
 Summon Small Mammal      Summ           100%       N/A       4%          1
 Sublimation of Blood     Necr           74%        N/A       1%          2
 Inner Flame              Hex/Fire       94%        N/A       1%          3
 Passwall                 Erth           78%        N/A       1%          3
 Volatile Blastmotes      Fire/Tloc      100%       2d18      1%          3
 Animate Dead             Necr           74%        N/A       1%          4
 Brom's Barrelling Bould  Conj/Erth      86%        2d10      1%          4
 Dispel Undead            Necr           74%        3d25      1%          4
 Flame Wave               Conj/Fire      100%       2d21      1%          4
 Ignite Poison            Fire/Alch      94%        N/A       1%          4
 Iskenderun's Mystic Bla  Conj/Tloc      68%        2d14      (+2d71%     4
 Irradiate                Conj/Alch      34%        3d23      1%          5
 Iskenderun's Battlesphe  Conj           93%        2d14      1%          5
 Lee's Rapid Deconstruct  Erth           39%        3d19*     1%          5
 Orb of Destruction       Conj           46%        9d12      1%          7
 Ensorcelled Hibernation  Hex/Ice        78%        N/A       2%          2
 Freezing Cloud           Conj/Ice/Air   31%        6-21      2%          5
 Animate Armour           Summ/Erth      100%       N/A       4%          4
 Leda's Liquefaction      Alch/Erth      29%        N/A       4%          4
 Petrify                  Alch/Erth      58%        N/A       4%          4
 Conjure Ball Lightning   Conj/Air       34%        3x3d11    7%          6
 Confusing Touch          Hex            25%        N/A       14%         3
 Sigil of Binding         Hex            25%        N/A       14%         3
 Swiftness                Air            25%        N/A       14%         3
 Teleport Other           Tloc           25%        N/A       14%         3
 Tukima's Dance           Hex            25%        N/A       14%         3
 Lehudib's Crystal Spear  Conj/Erth      43%        10d10     26%         8
 Yara's Violent Unravell  Hex/Alch       12%        3d7       30%         5
 Dimensional Bullseye     Hex/Tloc       12%        N/A       41%         4
 Metabolic Englaciation   Hex/Ice        19%        N/A       45%         5
 Summon Forest            Summ/Tloc      12%        N/A       77%         5
 Summon Mana Viper        Hex/Summ       25%        N/A       77%         5
 Ozocubu's Refrigeration  Ice            26%        4d13      80%         7
 Eringya's Noxious Bog    Alch           12%        4d6       83%         6
 Sculpt Simulacrum        Ice/Alch       19%        N/A       96%         6
 Haunt                    Necr/Summ      27%        N/A       99%         7
 Infestation              Necr           37%        N/A       99%         8
 Dispersal                Tloc           12%        N/A       100%        6
 Gell's Gavotte           Tloc           12%        2d(16-24) 100%        6
 Summon Cactus Giant      Summ           12%        N/A       100%        6
 Summon Hydra             Summ           12%        N/A       100%        7
 Discord                  Hex            12%        N/A       100%        8


Dungeon Overview and Level Annotations

Branches:
Dungeon (15/15)            Temple (1/1) D:7            Lair (5/5) D:10
  Swamp (4/4) Lair:2       Spider (4/4) Lair:3        Slime (0/5) Lair:4
    Orc (2/2) D:12            Elf (0/3) Orc:2        Vaults (2/5) D:13
  Crypt (0/3) Vaults:2     Depths (0/4) D:15         Bailey (visited)

Altars:
Ashenzari
Cheibriados
Dithmenos
Elyvilon
Fedhas
Gozag
Hepliaklqana
Kikubaaqudgha
Makhleb
Nemelex Xobeh
Okawaru
Qazlal
Ru
Sif Muna
Trog
Uskayaw
Vehumet
Wu Jian
Xom
Yredelemnul
Zin
The Shining One
Beogh
Jiyva
Lugonu

Shops:
D:2 :   D:14 [   Orc:2 =[[(   Vaults:1 [[!

Portals:
Hell: Lair:5
Trove: D:15 (lose all piety)

Annotations:
Swamp:1 1 runed translucent door, Soafokuo's ghost, journeyman FeDe
Swamp:4 1 runed translucent door, NotBatman's ghost, adept MiBe


Innate Abilities, Weirdness & Mutations

Your spellcasting is much less encumbered by armour.
You can use scrolls of enchantment on lesser artefacts.
You have large cloven feet.


Message History

The peacekeeper claws you but does no damage.
Your spectral ironbound convoker hits the crystal guardian but does no damage.
Casting: Sticky Flame (safe; 1% risk of failure)
Confirm with . or Enter, or press ? or * to list all spells.
Aiming: Sticky Flame (safe; 1% risk of failure)
Press: ? - help, Shift-Dir - straight line, f - peacekeeper
Aim: a peacekeeper (almost destroyed, covered in liquid flames, ally target)
You feel a surge of power!
The sticky flame hits the peacekeeper.
The peacekeeper resists.
The peacekeeper is almost destroyed.
The peacekeeper burns!
You destroy the peacekeeper!
Vehumet accepts your kill. The crystal guardian hits you.
Your spectral ironbound convoker hits the crystal guardian!
Your spectral ironbound convoker hits the crystal guardian but does no damage.
Casting: Sticky Flame (safe; 1% risk of failure)
Confirm with . or Enter, or press ? or * to list all spells.
You can't see any susceptible monsters within range! (Use Z to cast anyway.) Unknown command.
Unknown command.
Casting: Sticky Flame (safe; 1% risk of failure)
Confirm with . or Enter, or press ? or * to list all spells.
Aiming: Stone Arrow (safe; 1% risk of failure)
Press: ? - help, Shift-Dir - straight line, f - crystal guardian
Aim: a crystal guardian (lightly damaged, strong, ally target, 100% to hit)
The stone arrow hits the crystal guardian!
The crystal guardian is moderately damaged.
The crystal guardian hits you!!
* * * LOW HITPOINT WARNING * * *
Your spectral ironbound convoker hits the crystal guardian but does no damage. x2
You feel much better.
The crystal guardian fires a shard of itself at you.
The crystallizing shot hits you!!
Your body becomes as fragile as glass!
* * * LOW HITPOINT WARNING * * *
Your spectral ironbound convoker hits the crystal guardian!
Your spectral ironbound convoker hits the crystal guardian but does no damage.
Okay, then.
You feel much better. The crystal guardian hits you!!!
You die...

#####**#####.....'....* *
*,,..$.#..รท..#....##*
*,,....#.....###..).* ****
*,,....'))[..###...,* *,,,
*,,....#)....###)###** *,,,
*,,....#..)..#......,* *,,.
*,,....#....)#Z..?..,* ***#
***#####..?..9ZZ.)..,* #
#....@#,,,,,,,* #
*******#.....#,,,,,,,* #
*,,,,,,#.....#,,,,,,,* #
*,,,,,,#.....#********
*,,,,,,#.....# *,,,,,,#.....#
*,,,,,,#.....################
*,,,,,,#.....................
*,,,,<,#.....................


You could see a crystal guardian (strong, ally target), 2 friendly spectral
ironbound convokers and a friendly spectral arcanist.

Vanquished Creatures
  Jorgrun (Swamp:3)
  Gastronok (Lair:2)
  Frances (Spider:1)
  6 thorn hunters
  The ghost of Yxorellae the Warrior, an adept MiFi of Hepliaklqana (Orc:1)
  5 vault wardens
  3 emperor scorpions
  A ghost moth (Spider:4)
  An orc warlord (Orc:1)
  3 ghouls
  A formless jellyfish (Vaults:1)
  3 ironbound preservers
  2 very ugly things
  The ghost of olddryhag the Cleaver, a journeyman CoWn of Uskayaw (Orc:2)
  A broodmother (Spider:4)
  6 ironbound thunderhulks
  7 dire elephants
  5 bunyips
  7 eleionomae
  A deep elf death mage (Vaults:1)
  A war gargoyle (Vaults:2)
  A spark wasp (Spider:4)
  A fire dragon (D:15)
  2 entropy weavers (Vaults:1)
  3 great orbs of eyes
  6 shambling mangroves
  4 yaktaur captains
  A peacekeeper (Vaults:2)
  14 hydras
  2 rakshasas
  The ghost of jejorda2 the Spear-Bearer, a journeyman GnBe of Trog (D:12)
  4 vault guards
  3 ironbound frosthearts
  4 ogre magi (Orc:2)
  A spriggan air mage (Swamp:4)
  4 ghost crabs
  8 boulder beetles
  A catoblepas (Lair:3)
  A two-headed ogre (shapeshifter) (D:13)
  12 alligators
  A death knight (Vaults:2)
  2 radroaches
  18 two-headed ogres
  3 tengu warriors (D:15)
  22 centaur warriors
  4 death yaks (Lair:5)
  8 demonic crawlers
  2 spriggan berserkers
  3 occultists (D:15)
  2 hell knights (D:15)
  Sonja (Lair:2)
  8 spriggans
  2 salamander mystics (D:15)
  A sixfirhy (Lair:5)
  A skeletal warrior (Vaults:2)
  A goliath frog (Swamp:4)
  3 pharaoh ants
  2 skysharks
  12 orb spiders
  6 arcanists
  A glowing orange brain (Vaults:1)
  6 deep trolls
  5 spriggan druids
  4 spectral hydras (Swamp:4)
  2 necromancers (Vaults:2)
  3 bog bodies
  4 lindwurms
  11 ironbound convokers
  3 harpies (Vaults:1)
  A large abomination (D:10)
  4 swamp dragons
  An obsidian bat (Orc:2)
  2 phantasmal warriors (Swamp:4)
  2 deep elf pyromancers
  3 orc knights
  22 wolf spiders
  3 manticores
  20 ugly things
  A will-o-the-wisp (Swamp:3)
  8 cyclopes
  4 oklob plants
  A worldbinder (D:10)
  3 meliai (Spider:2)
  3 moths of wrath
  14 elephants
  A kobold blastminer (Orc:2)
  6 black mambas
  2 gargoyles (D:14)
  2 orange demons (Lair:5)
  5 kobold demonologists
  6 vault sentinels
  3 torpor snails
  2 unseen horrors
  8 rime drakes
  14 cane toads
  Maggie (Lair:2)
  2 freezing wraiths (Swamp:4)
  31 yaktaurs
  2 ice devils (Lair:5)
  10 komodo dragons
  6 trolls
  A red devil (Lair:5)
  A hellwing (Lair:5)
  2 bloated husks
  11 tyrant leeches
  27 tarantellas
  5 polar bears
  16 hornets
  2 raiju (D:10)
  4 hydra skeletons (Swamp:4)
  27 jumping spiders
  9 blink frogs
  A spriggan (shapeshifter) (D:13)
  2 centaur simulacra
  21 slime creatures
  2 vampires
  12 culicivoras
  52 yaks
  3 shadows
  5 wyverns
  2 wraiths
  5 basilisks
  4 wargs
  A human (D:12)
  46 redbacks
  A hog (shapeshifter) (D:13)
  3 hogs (D:12)
  9 vampire mosquitoes
  Grum (Bailey)
  4 steam dragons
  13 swamp worms
  2 acid dragons
  A hydra simulacrum (Swamp:4)
  3 small abominations (D:10)
  4 hell hounds (Lair:5)
  14 water moccasins
  Duvessa (D:7)
  2 black bears (D:5)
  2 swamp dragon zombies (Swamp:4)
  8 swamp drakes
  20 orc warriors
  3 sky beasts
  2 laughing skulls (D:13)
  23 ogres
  28 wolves
  21 centaurs
  5 boggarts (Vaults:1)
  A swamp dragon skeleton (Swamp:4)
  3 phantoms
  13 kobold brigands
  14 bullfrogs
  8 gnoll sergeants
  6 scorpions
  10 wights (D:8)
  Dowan (D:7)
  4 killer bees (D:11)
  An oklob sapling (Swamp:2)
  8 electric eels
  A howler monkey (D:5)
  A bombardier beetle (D:4)
  14 orc priests
  5 hounds
  5 jellies
  7 gnoll boudas
  6 iguanas
  Natasha (thrice) (D:2)
  30 orc wizards
  7 sleepcaps
  3 hell rats
  7 adders
  34 gnolls
  11 river rats
  2 white imps
  2 ufetubi (D:5)
  3 dart slugs
  2 ribbon worms (D:2)
  64 orcs
  7 ball pythons
  6 bats
  14 endoplasms
  7 goblins
  4 hobgoblins
  6 jackals
  16 kobolds
  4 quokkas
  3 frilled lizards (D:2)
  7 rats
1246 creatures vanquished.

Vanquished Creatures (collateral kills)
  2 emperor scorpions (Spider:4)
  3 ghost moths (Spider:4)
  2 vault wardens
  An ironbound preserver (Vaults:2)
  2 broodmothers (Spider:4)
  A dire elephant (Vaults:2)
  An entropy weaver (Vaults:1)
  A great orb of eyes (Vaults:1)
  A yaktaur captain (Vaults:2)
  2 alligators (Swamp:2)
  2 radroaches
  A boulder beetle (Spider:2)
  3 demonic crawlers
  4 pharaoh ants
  2 sun moths (Spider:3)
  3 orb spiders
  2 harpies (Vaults:1)
  8 steelbarb worms
  An ironbound convoker (Vaults:1)
  6 wolf spiders
  A vault sentinel (Vaults:2)
  2 moths of wrath
  3 torpor snails
  3 jumping spiders
  4 tarantellas
  7 culicivoras
  4 redbacks
  4 foxfires
76 creatures vanquished.

Vanquished Creatures (others)
  Nikola (Spider:1)
  A ghost crab (Swamp:4)
  A wolf spider (Spider:4)
  A bloated husk (Swamp:2)
  A yak (Lair:2)
  An orc wizard (Orc:2)
  A kobold (D:8)
  420 foxfires
427 creatures vanquished.

Grand Total: 1749 creatures vanquished

Notes
Turn   | Place    | Note
-------+----------+-------------------------------------------
     0 | D:1      | bronco the Mountain Dwarf Fire Elementalist began the quest
                  | for the Orb.
     0 | D:1      | Reached XP level 1. HP: 14/14 MP: 3/3
   306 | D:1      | Reached skill level 4 in Fire Magic
   502 | D:1      | Reached XP level 2. HP: 16/20 MP: 0/4
   833 | D:2      | Found a faded altar of an unknown god.
   940 | D:2      | Reached skill level 5 in Fire Magic
   948 | D:2      | Reached XP level 3. HP: 9/26 MP: 0/5
  1023 | D:2      | Learned a level 2 spell: Scorch
  1378 | D:2      | Noticed Natasha
  1383 | D:2      | Killed Natasha
  1384 | D:2      | Reached skill level 6 in Fire Magic
  1384 | D:2      | Reached XP level 4. HP: 33/33 MP: 1/6
  1602 | D:2      | Found Fakh's Book Shoppe.
  1744 | D:2      | Noticed Natasha
  1754 | D:2      | Killed Natasha
  1875 | D:2      | Noticed Natasha
  1878 | D:2      | Killed Natasha
  1879 | D:2      | Reached skill level 7 in Fire Magic
  1879 | D:2      | Reached XP level 5. HP: 38/38 MP: 1/7
  2079 | D:3      | Identified the +12 chain mail of Ynopuweq {MP+9}
  2924 | D:3      | Reached skill level 8 in Fire Magic
  3154 | D:4      | Reached XP level 6. HP: 45/45 MP: 8/8
  3233 | D:4      | Identified the +2 leather armour "Miadetebb" {rCorr Int+3}
  3577 | D:4      | Reached XP level 7. HP: 50/50 MP: 6/11
  4321 | D:5      | Entered Level 5 of the Dungeon
  4442 | D:5      | Reached skill level 5 in Spellcasting
  4511 | D:5      | Identified the +7 dagger of the Mind {flame, rC+ Int+5}
  4517 | D:5      | Reached skill level 1 in Conjurations
  4636 | D:5      | Learned a level 3 spell: Stone Arrow
  4727 | D:5      | Reached XP level 8. HP: 56/57 MP: 15/15
  4913 | D:5      | Identified the +10 lajatang of the Keeping Pill Bug {spect,
                  | Int+2}
  5467 | D:6      | Reached skill level 5 in Conjurations
  5647 | D:6      | Learned a level 4 spell: Flame Wave
  5741 | D:6      | Reached skill level 1 in Earth Magic
  5973 | D:6      | Found a shimmering altar of Xom.
  5973 | D:6      | Found a sacrificial altar of Ru.
  6239 | D:6      | Found a sparkling altar of Nemelex Xobeh.
  6400 | D:7      | Found a staircase to the Ecumenical Temple.
  6416 | Temple   | Entered the Ecumenical Temple
  6424 | Temple   | Became a worshipper of Vehumet
  6449 | D:7      | Noticed Duvessa
  6449 | D:7      | Noticed Dowan
  6465 | D:7      | Killed Duvessa
  6471 | D:7      | Killed Dowan
  6472 | D:7      | Reached skill level 5 in Earth Magic
  6477 | D:7      | Reached XP level 9. HP: 62/62 MP: 10/16
  7102 | D:7      | Noticed a komodo dragon
  7306 | D:7      | Killed a komodo dragon
  7639 | D:7      | Reached skill level 9 in Fire Magic
  7854 | D:8      | Reached * piety under Vehumet
  7854 | D:8      | Offered knowledge of Magic Dart by Vehumet.
  7860 | D:8      | Reached skill level 10 in Fire Magic
  8301 | D:8      | Found an iron altar of Okawaru.
  8325 | D:8      | Reached XP level 10. HP: 69/69 MP: 17/17
  8388 | D:8      | Reached skill level 11 in Fire Magic
  8388 | D:8      | Offered knowledge of Momentum Strike by Vehumet.
  8390 | D:8      | Reached ** piety under Vehumet
  8667 | D:8      | Found a blossoming altar of Fedhas.
  8670 | D:8      | Found an ancient bone altar of Kikubaaqudgha.
  8726 | D:8      | Reached skill level 12 in Fire Magic
  9238 | D:8      | Reached skill level 13 in Fire Magic
  9270 | D:8      | Noticed a centaur warrior
  9270 | D:8      | Noticed a cyan ugly thing
  9284 | D:8      | Killed a centaur warrior
  9295 | D:8      | Noticed a green ugly thing
  9302 | D:8      | Killed a green ugly thing
  9303 | D:8      | Reached skill level 14 in Fire Magic
  9312 | D:8      | Killed a red ugly thing
  9312 | D:8      | Offered knowledge of Static Discharge by Vehumet.
  9461 | D:8      | Identified the +2 robe "Cuawixt" {MP-9 Int+5 Stlth+}
  9462 | D:8      | Noticed a boulder beetle
  9476 | D:8      | Noticed a manticore
  9926 | D:8      | Reached *** piety under Vehumet
  9988 | D:8      | Killed a boulder beetle
  9989 | D:8      | Reached skill level 15 in Fire Magic
  9989 | D:8      | Reached XP level 11. HP: 74/74 MP: 1/18
 10293 | D:9      | Paralysed by a hornet for 3 turns
 10306 | D:8      | Gained mutation: You are dopey. (Int -2) [potion of
                  | mutation]
 10306 | D:8      | Gained mutation: You expend magic power (3 MP) to
                  | strengthen your wands. [potion of mutation]
 10744 | D:9      | Noticed a two-headed ogre
 10758 | D:9      | Killed a two-headed ogre
 10759 | D:9      | Reached skill level 16 in Fire Magic
 11122 | D:9      | Found a white marble altar of Elyvilon.
 11293 | D:9      | Found a shadowy altar of Dithmenos.
 11350 | D:9      | Noticed a two-headed ogre
 11354 | D:9      | Killed a two-headed ogre
 11354 | D:9      | Offered knowledge of Sticky Flame by Vehumet.
 11396 | D:9      | Found a hazy altar of Hepliaklqana.
 11437 | D:9      | Lost mutation: You expend magic power (3 MP) to strengthen
                  | your wands. [potion of mutation]
 11437 | D:9      | Lost mutation: You are dopey. (Int -2) [potion of mutation]
 11437 | D:9      | Gained mutation: You have large cloven feet. [potion of
                  | mutation]
 11439 | D:10     | Entered Level 10 of the Dungeon
 11447 | D:10     | Found a staircase to the Lair.
 11452 | D:10     | Reached skill level 17 in Fire Magic
 11491 | D:10     | Found a flagged portal.
 11505 | Bailey   | Entered a bailey
 11612 | Bailey   | Learned a level 4 spell: Sticky Flame
 11713 | Bailey   | Learned a level 3 spell: Inner Flame
 11724 | Bailey   | Reached **** piety under Vehumet
 11739 | Bailey   | Noticed Grum
 11758 | Bailey   | Killed Grum
 11904 | Bailey   | Offered knowledge of Irradiate by Vehumet.
 11999 | Bailey   | Identified the +5 gold dragon scales of the Unstoppable
                  | Beds {rElec rPois rF+ rC+ Str+2 Int-4}
 12978 | D:10     | Found a transporter.
 12978 | D:10     | Noticed a white ugly thing
 12980 | D:10     | Noticed a large abomination
 12981 | D:10     | Noticed a purple very ugly thing
 12982 | D:10     | Found a corrupted altar of Lugonu.
 12982 | D:10     | Found a transporter.
 13592 | D:11     | Noticed a two-headed ogre
 13601 | D:11     | Killed a two-headed ogre
 13602 | D:11     | Reached XP level 12. HP: 81/81 MP: 13/23
 13935 | D:11     | Noticed a boulder beetle
 13953 | D:11     | Killed a boulder beetle
 14663 | D:12     | Found a runed translucent gate.
 14663 | D:12     | Noticed jejorda2's ghost (journeyman GnBe)
 14683 | D:12     | Reached skill level 1 in Armour
 14997 | D:12     | Identified the staff "Abbideh" {Dex+5 Earth}
 14998 | D:12     | Found a runed translucent gate.
 15039 | Lair:1   | Entered Level 1 of the Lair of Beasts
 15044 | Lair:1   | Reached skill level 1 in Fighting
 15509 | Lair:1   | Reached skill level 5 in Armour
 15857 | Lair:1   | Learned a level 8 spell: Ignition
 16525 | Lair:2   | Reached ***** piety under Vehumet
 16528 | Lair:2   | Offered knowledge of Ozocubu's Refrigeration by Vehumet.
 16669 | Lair:2   | Reached XP level 13. HP: 79/99 MP: 10/25
 17175 | Lair:2   | Noticed Maggie
 17184 | Lair:2   | Killed Maggie
 17519 | Lair:2   | Noticed Gastronok
 17563 | Lair:2   | Killed Gastronok
 17564 | Lair:2   | Reached skill level 5 in Fighting
 17733 | Lair:2   | Found a staircase to the Swamp.
 17733 | Lair:2   | Noticed an eleionoma
 17737 | Lair:2   | Killed an eleionoma
 17860 | Lair:2   | Noticed Sonja
 17870 | Lair:2   | Killed Sonja
 17941 | Lair:2   | You fall into a shaft and drop 2 floors!
 18533 | Lair:2   | Reached skill level 18 in Fire Magic
 18861 | Lair:3   | Found a hole to the Spider Nest.
 20352 | Lair:4   | Found a viscous altar of Jiyva.
 20390 | Lair:4   | Found a staircase to the Slime Pits.
 20487 | Lair:5   | Entered Level 5 of the Lair of Beasts
 20503 | Lair:5   | Reached skill level 10 in Spellcasting
 20715 | Lair:5   | Reached XP level 14. HP: 90/111 MP: 10/29
 20923 | Lair:5   | Identified the +1 pair of boots "Vutadeampu" {rF+ rN+
                  | Int+4}
 21057 | Lair:5   | Reached skill level 1 in Staves
 21148 | Lair:5   | Reached skill level 5 in Staves
 22132 | Lair:5   | Offered knowledge of Fireball by Vehumet.
 22139 | Lair:5   | Learned a level 5 spell: Fireball
 22170 | Lair:5   | Found a burning altar of Makhleb.
 22361 | Lair:5   | Found a gateway to Hell.
 22368 | Lair:5   | Identified the ring of Deckileh {rC+ rCorr Str+6}
 22981 | D:12     | Found a runed translucent gate.
 23577 | D:12     | Found a staircase to the Orcish Mines.
 23945 | Orc:1    | Entered Level 1 of the Orcish Mines
 23952 | Orc:1    | Noticed an orc warlord
 23965 | Orc:1    | Killed an orc warlord
 24147 | Orc:1    | Found a roughly hewn altar of Beogh.
 24151 | Orc:1    | Reached skill level 10 in Fighting
 24272 | Orc:1    | Found a runed translucent gate.
 24272 | Orc:1    | Found a runed translucent gate.
 24272 | Orc:1    | Found a runed translucent gate.
 24273 | Orc:1    | Noticed Yxorellae's ghost (adept MiFi)
 24289 | Orc:1    | Reached ****** piety under Vehumet
 24289 | Orc:1    | Offered knowledge of Starburst by Vehumet.
 24562 | Orc:2    | Entered Level 2 of the Orcish Mines
 24833 | Orc:2    | Reached XP level 15. HP: 112/133 MP: 19/30
 24844 | Orc:2    | Found Demung's Armour Boutique.
 24844 | Orc:2    | Found Makik's Jewellery Shoppe.
 24845 | Orc:2    | Found Maustree's Antique Weapon Emporium.
 24845 | Orc:2    | Found Ukewnear's Antique Armour Boutique.
 24911 | Orc:2    | Bought the +0 pair of fencer's gloves {Riposte Dex+3} for
                  | 600 gold pieces
 24911 | Orc:2    | Found the +0 pair of fencer's gloves {Riposte Dex+3}
 24925 | Orc:2    | Bought the amulet of the Suburbs {+Blink RegenMP+ Str+2
                  | Dex-3} for 586 gold pieces
 25190 | Orc:2    | Found a staircase to the Elven Halls.
 25228 | Orc:2    | Offered knowledge of Freezing Cloud by Vehumet.
 25269 | Orc:2    | Found a runed translucent door.
 25647 | Orc:2    | Noticed olddryhag's ghost (journeyman CoWn)
 25989 | D:13     | Learned a level 5 spell: Freezing Cloud
 26049 | D:13     | Reached skill level 1 in Ice Magic
 26525 | D:13     | Found a gate to the Vaults.
 27526 | D:14     | Learned a level 6 spell: Permafrost Eruption
 28093 | D:14     | Found Yhixucet's Antique Armour Shop.
 28574 | D:15     | Entered Level 15 of the Dungeon
 29186 | D:15     | Found a staircase to the Depths.
 29193 | D:15     | Offered knowledge of Iskenderun's Battlesphere by Vehumet.
 29434 | D:15     | Found a portal to a secret trove of treasure.
 30041 | D:15     | Reached XP level 16. HP: 141/143 MP: 32/32
 30526 | D:10     | Got the Compilation of Anathema
 30611 | D:12     | Killed jejorda2's ghost
 30828 | Orc:1    | Killed Yxorellae's ghost
 31106 | Orc:2    | Killed olddryhag's ghost
 31336 | Swamp:1  | Entered Level 1 of the Swamp
 31396 | Swamp:1  | Reached skill level 5 in Necromancy
 31460 | Swamp:1  | Found a runed translucent door.
 31483 | Swamp:1  | Noticed Soafokuo's ghost (journeyman FeDe)
 32044 | Swamp:2  | Noticed a thorn hunter
 32148 | Swamp:2  | Noticed a thorn hunter
 32149 | Swamp:2  | Killed a thorn hunter
 32152 | Swamp:2  | Killed a thorn hunter
 32371 | Swamp:2  | Noticed a thorn hunter
 32382 | Swamp:2  | Killed a thorn hunter
 32824 | Swamp:2  | Learned a level 6 spell: Death Channel
 32832 | Swamp:2  | Offered knowledge of Bombard by Vehumet.
 33366 | Swamp:3  | Noticed Jorgrun
 33369 | Swamp:3  | Killed Jorgrun
 33683 | Swamp:3  | Reached XP level 17. HP: 149/149 MP: 35/35
 33888 | Swamp:4  | Entered Level 4 of the Swamp
 33997 | Swamp:4  | Offered knowledge of Maxwell's Capacitive Coupling by
                  | Vehumet.
 34249 | Swamp:4  | Reached skill level 10 in Earth Magic
 34313 | Swamp:4  | Found a runed translucent door.
 34390 | Swamp:4  | Noticed NotBatman's ghost (adept MiBe)
 34414 | Swamp:4  | Identified a scroll of acquirement
 34415 | Swamp:4  | Acquired 758 gold pieces
 34836 | Swamp:4  | Reached skill level 15 in Spellcasting
 35078 | Swamp:4  | Found a blossoming altar of Fedhas.
 35142 | Swamp:4  | Found a basalt altar of Yredelemnul.
 35156 | Swamp:4  | Got a decaying rune of Zot
 35622 | Lair:3   | Learned a level 4 spell: Olgreb's Toxic Radiance
 35623 | Spider:1 | Entered Level 1 of the Spider Nest
 35628 | Spider:1 | Reached skill level 1 in Evocations
 35710 | Spider:1 | Offered knowledge of Fire Storm by Vehumet.
 35710 | Spider:1 | Offered knowledge of Shatter by Vehumet.
 35710 | Spider:1 | Offered knowledge of Polar Vortex by Vehumet.
 35715 | Spider:1 | Reached skill level 5 in Evocations
 35722 | Spider:1 | Noticed Nikola
 35737 | Spider:1 | Killed Nikola
 35912 | Spider:1 | Noticed Frances
 35920 | Spider:1 | Killed Frances
 36602 | Spider:2 | Reached skill level 19 in Fire Magic
 36652 | Spider:2 | Reached XP level 18. HP: 151/157 MP: 35/37
 36836 | Spider:2 | Learned a level 9 spell: Fire Storm
 38701 | Spider:4 | Entered Level 4 of the Spider Nest
 39040 | Spider:4 | Reached skill level 10 in Conjurations
 39415 | Spider:4 | Got a gossamer rune of Zot
 39995 | Vaults:1 | Entered Level 1 of the Vaults
 40181 | Vaults:1 | You fall into a shaft and drop 1 floor!
 40187 | Vaults:2 | Reached XP level 19. HP: 76/162 MP: 38/38
 40950 | Vaults:1 | Found Otycs's Antique Armour Shoppe.
 40984 | Vaults:1 | Found Zidiodgho's Armour Boutique.
 41066 | Vaults:1 | Found Doang's Distillery.
 41189 | Vaults:1 | Bought a potion of curing for 39 gold pieces
 41189 | Vaults:1 | Bought a potion of heal wounds for 65 gold pieces
 41189 | Vaults:1 | Bought a potion of curing for 39 gold pieces
 41189 | Vaults:1 | Bought a potion of berserk rage for 65 gold pieces
 41189 | Vaults:1 | Bought a potion of curing for 39 gold pieces
 41189 | Vaults:1 | Bought a potion of might for 52 gold pieces
 41189 | Vaults:1 | Bought a potion of curing for 39 gold pieces
 41243 | Vaults:1 | Identified the ring of Jealousy {Fire rN+ Will+ Str-2}
 41249 | Vaults:1 | Identified the +4 scale mail of the Bright God {*Corrode
                  | rN+ SInv}
 41662 | Vaults:1 | Paralysed by a formless jellyfish for 1 turns
 41857 | Vaults:2 | Reached skill level 15 in Conjurations
 41875 | Vaults:2 | Found a staircase to the Crypt.
 42504 | Vaults:2 | Mangled by a crystal guardian

Illustrated notes

Levels and vault maps discovered:
D:1:      doesnt_arrival_eight_statues, layout_basic
D:2:      layout_loops_ring, serial_shops, nicolae_book_shop_shelving,
          hellmonk_ecumenical_altar_crossroads, serial_park_tiny_pond,
          uniq_natasha
D:3:      minmay_bubble_buster, layout_basic
D:4:      minmay_general_purpose_star, layout_basic, guppyfry_early_orc_mine
D:5:      layout_loops_cross, grunt_ministairs_9, minmay_checkerbox
D:6:      layout_basic, amethyst_overflow_temple_binary,
          mainiacjoe_overflow_alcove_4
D:7:      minmay_chambers_of_sixes, layout_cave_pools, minmay_temple_entry_grid,
          serial_bayou, serial_bayou_lagoon_a, serial_bayou_lake_a,
          serial_bayou_crossing, serial_bayou_pond_e, serial_bayou_pond_b,
          uniq_duvessa
D:8:      nzn_winding_woodlands_medium [nzn_winding_woodlands_5x5_checkerboard,
          nzn_winding_woodlands_5x15_cabin, nzn_winding_woodlands_5x5_cross,
          nzn_winding_woodlands_5x5_default,
          nzn_winding_woodlands_center_pierced_h,
          nzn_winding_woodlands_5x5_open_star,
          nzn_winding_woodlands_5x5_closed_star,
          nzn_winding_woodlands_5x15_concentric,
          nzn_winding_woodlands_hourglass], layout_rooms,
          grunt_temple_overflow_growth_and_decay, mainiacjoe_overflow_chevrons,
          onia_ninara_dug_in_and_dangerous
D:9:      layout_rooms, riverfiend_overflow_shadow_ancestor,
          nicolae_elyvilon_temple_path, minmay_misc_feat_hallway
D:10:     gammafunk_corrupted_shrine, layout_loops_cross, dpeg_lair_monsters,
          enter_bailey_2
D:11:     layout_stronghold
D:12:     layout_loops_ring, david_orc_4, gammafunk_ghost_nasty_kobolds,
          grunt_livestock, nicolae_lava_and_water
D:13:     minmay_inside_and_out, layout_layer_cave,
          skrybe_vaults_entry_preservation
D:14:     layout_layer_cave, serial_shops, shop, roderic_lattice_octagonal_star
D:15:     regret_index_pyroclastic, layout_basic, nicolae_trove_entry_crossroad
Temple:   hellmonk_temple_forest_ring
Lair:1:   beast_lair_carwin_large_3, layout_loops_ring
Lair:2:   layout_regular_city, alex1729_swamp_entry_worm_eleionoma,
          kennysheep_rathole, grunt_megastairs_2, infiniplex_staircase_pool_2,
          serial_bayou_shore_b, uniq_maggie, uniq_gastronok, uniq_sonja
Lair:3:   layout_long_grid, spider_nest_entry_webs, serial_bayou_shore_a
Lair:4:   layout_hall_layers, slime_entry_2, lemuel_fruit_fields
Lair:5:   evil_forest, layout_gridlike, serial_bayou_shore_b, grunt_megastairs_1
Swamp:1:  layout_falls_marsh, gammafunk_ghost_grave, hangedman_swamp_pad
Swamp:2:  nicolae_swamp_phyte_club, layout_basic_swamp,
          evilmike_swamp_ruin_rubble_1, swamp_pool_1_2
Swamp:3:  nicolae_swamp_wrong_neighborhood, layout_basic_swamp,
          hangedman_swamp_blocks, uniq_jorgrun
Swamp:4:  byrel_swamp_growth_death_and_undeath, layout_basic_swamp,
          gammafunk_ghost_grave
Spider:1: layout_spider_delve, uniq_frances, uniq_nikola
Spider:2: layout_spider_delve
Spider:3: layout_cave_pods
Spider:4: guppyfry_spider_rune
Orc:1:    layout_diamond_mine, ebering_ghost_rock_garden, basic_altar
Orc:2:    st_orc_ogre_mass, layout_diamond_mine, ebering_ghost_reflecting_pool,
          abandoned_shop
Vaults:1: nicolae_vaults_closet_pinwheel_5, v_rooms_2,
          nicolae_vaults_three_branches, vaults_room_door_hall,
          hangedman_vaults_impose, nicolae_vaults_two_Ls,
          nicolae_vaults_corridor_and_loot_room, hangedman_vaults_stitches,
          nicolae_vaults_network_star, nicolae_vaults_double_plus_1,
          nicolae_vaults_tetromino_T_1, nicolae_vaults_tangram_2,
          grunt_vaults_hallway_short, layout_vaults_maze, serial_shops, shop,
          nicolae_diamond_shop, nicolae_shop_pleasant_corner_grove
Vaults:2: hangedman_vaults_variations, nicolae_vaults_big_ls,
          minmay_crypt_entry_simple_sparse, nicolae_vaults_puzzle_piece,
          nicolae_vaults_asterisk, nicolae_vaults_six-pack,
          nicolae_vaults_apartment_2, v_rooms_1, nicolae_vaults_wrenched,
          ontoclasm_vaults_ring_large, nicolae_vaults_tetromino_Z_1,
          nicolae_vaults_bisected_slash, nicolae_vaults_tetromino_L_2,
          nicolae_vaults_tetromino_L_2, layout_vaults_ring

Skill      XL: |  1  2  3  4  5  6  7  8  9 10 11 12 13 14 15 16 17 18 19 |
---------------+----------------------------------------------------------+-----
Fire Magic     | 4 5 6 7 8 10 15 17 18 19 | 19.7
Spellcasting   | 3 5 7 8 11 12 14 15 | 15.3
Conjurations   | 3 5 12 16 | 16.3
Earth Magic    | 5 9 11 | 11.1
Armour         | 9 |  9.9
Fighting       | 4 6 12 13 | 13.0
Staves         | 6 9 |  9.5
Ice Magic      | 4 |  4.4
Dodging        | 3 |  3.2
Necromancy     | 9 |  9.8
Evocations     | 7 |  7.0
Stealth        | |  1.4

Action                     |  1- 3 |  4- 6 |  7- 9 | 10-12 | 13-15 | 16-18 | 19-21 || total
---------------------------+-------+-------+-------+-------+-------+-------+-------++-------
  Melee: Dagger            |    43 |     8 |     3 |       |       |       |       ||    54
         Short sword       |       |       |     1 |       |       |       |       ||     1
         Lajatang          |       |       |     5 |   110 |   167 |    26 |       ||   308
         Kick              |       |       |       |     3 |       |       |       ||     3
         Staff             |       |       |       |       |     2 |     2 |     2 ||     6
  Throw: Dart              |       |       |       |    25 |    19 |     3 |       ||    47
   Cast: Foxfire           |    34 |    42 |    97 |    87 |     4 |       |       ||   264
         Scorch            |     5 |    50 |    90 |    43 |    53 |    50 |    21 ||   312
         Stone Arrow       |       |       |    27 |   183 |   282 |   186 |    52 ||   730
         Flame Wave        |       |       |     4 |    19 |     5 |       |       ||    28
         Inner Flame       |       |       |       |    16 |    16 |       |       ||    32
         Sticky Flame      |       |       |       |     8 |    52 |    51 |    26 ||   137
         Ignition          |       |       |       |       |    59 |    97 |    45 ||   201
         Fireball          |       |       |       |       |    23 |   122 |     9 ||   154
         Permafrost Erupti |       |       |       |       |    22 |    72 |     3 ||    97
         Death Channel     |       |       |       |       |       |    24 |    17 ||    41
         Olgreb's Toxic Ra |       |       |       |       |       |    48 |    12 ||    60
  Evoke: Wand              |       |       |       |       |       |     2 |       ||     2
         Phantom mirror    |       |       |       |       |       |     1 |       ||     1
    Use: Scroll            |       |     7 |     4 |    14 |    14 |    12 |       ||    51
         Potion            |       |     1 |       |    12 |     2 |     7 |     2 ||    24
   Stab: Distracted        |       |       |       |       |     2 |       |       ||     2
 Armour: Robe              |    28 |       |       |       |       |       |       ||    28
         Leather armour    |       |     1 |       |       |       |       |       ||     1
         Chain mail        |       |    33 |    93 |   189 |       |       |       ||   315
         Gold dragon scale |       |       |       |   217 |   443 |   400 |   120 ||  1180
         Skin              |       |       |       |     9 |       |       |       ||     9
  Dodge: Dodged            |    31 |    11 |    20 |    41 |    42 |    53 |    25 ||   223
         Repelled          |       |       |       |    14 |    38 |    14 |     9 ||    75
Riposte: Lajatang          |       |       |       |       |     4 |     1 |       ||     5
         Staff             |       |       |       |       |       |     5 |     3 ||     8

Table legend: (Time is in decaauts)
 A = Elapsed time spent in this place.
 B = Non-inter-level travel time spent in this place.
 C = Inter-level travel time spent in this place.
 D = Time resting spent in this place.
 E = Time spent auto-exploring this place.
 F = Levels seen in this place.
 G = Mean time per level.
                   A        B        C        D        E       F      G
               +--------+--------+--------+--------+--------+-----+--------+
         Total |  44332 |  41804 |   2528 |   8736 |  25407 |  34 | 1303.9 |
       Dungeon |  21207 |  19707 |   1500 |   3478 |  13277 |  15 | 1413.8 |
        Temple |     16 |      9 |      7 |      0 |      0 |   1 |   16.0 |
          Lair |   8137 |   7820 |    317 |   2503 |   3908 |   5 | 1627.4 |
         Swamp |   4692 |   4451 |    241 |   1144 |   2465 |   4 | 1173.0 |
   Spider Nest |   4544 |   4269 |    275 |    352 |   2968 |   4 | 1136.0 |
  Orcish Mines |   2141 |   1964 |    177 |    251 |   1308 |   2 | 1070.5 |
        Vaults |   2631 |   2623 |      8 |    490 |   1478 |   2 | 1315.5 |
        Bailey |    962 |    962 |      0 |    517 |      0 |   1 |  962.0 |
               +--------+--------+--------+--------+--------+-----+--------+

Top non-repeatable levels by time:
     D:8: 2621 daAuts
  Lair:5: 2255 daAuts
    D:15: 1931 daAuts
    D:12: 1882 daAuts
Vaults:1: 1843 daAuts
    D:13: 1764 daAuts
  Lair:1: 1754 daAuts
     D:7: 1704 daAuts
  Lair:2: 1635 daAuts
 Swamp:4: 1565 daAuts
  Lair:3: 1457 daAuts
    D:11: 1421 daAuts
    D:10: 1387 daAuts
    D:14: 1340 daAuts
Spider:3: 1302 daAuts
